Description

This is an economic timing attack based on using the stim timing.

Replay - BioBall+Siege tanks vs. Terran Cheater AI

Build Order

Get SALT Encoding   

  13  0:01  SCV  
  14  0:15  SCV  
  14  0:18  Supply Depot  
  15  0:27  SCV  
  15  0:41  Barracks  
  16  0:46  Refinery, SCV  
  17  0:58  SCV  
  18  1:10  SCV  
  19  1:25  SCV  
  20  1:31  Reaper  
  20  1:35  Command Center  
  21  1:37  SCV  
  21  1:52  Barracks  
  21  1:58  Orbital Command  
  21  2:07  Refinery  
  21  2:09  Barracks Reactor  
  22  2:33  Factory  
  26  3:04  Barracks Tech Lab  
  26  3:18  Factory Reactor, Starport  Fly off when done and replace with starport
  26  3:23  Supply Depot x2  
  27  3:25  Orbital Command  
  27  3:26  Supply Depot  
  28  3:31  Stimpack  We push as soon as this is done, make MMM Bio ball until then
  48  4:24  Factory Tech Lab  This is on your flown off factory
  80  6:21  Command Center  Push as soon as you tell the SCV to build this
Spawning Tool Build Advisor. Get it on Overwolf

Go to:

Details

  • Created by: tjcason
  • Published on: Dec 28, 2015
  • Modified on: Dec 28, 2015
  • Patch: Pre-3.8.0
Show
View Real Time Build Order
Export as new Build Order

Comments (4)

On April 8, 2016, 7:42 p.m., tjcason  said:

2 w/ 3rd on the way @ smoken

On April 5, 2016, 9:12 p.m., smoken  said:

what is an ideal number of tanks to have by the time you're ready to move out?

On Dec. 30, 2015, 5:40 p.m., TaylorSwift  said:

Great build! I had to do a double take when loading the replay to make sure it was not one of my games. We have the EXACT name!!! I lol'd. +1 For the name :)

On Dec. 28, 2015, 3:35 p.m., skeeter  said:

Working great for me so far. 5-1

Create an account to comment!